AoeStats
← ska_18

Arabia

508232342Analyzed
3v3 RM · 11d ago on Sep 21, 2026· 34m 35s· 6 players
Game mode
Random Map
Map size
Normal (6 player)
Population
200
Speed
Normal
Resources
Standard
Victory
Conquest
Starting age
Dark Age
Ending age
Imperial Age
RankedLock teamsTeams togetherTeam positionsShared explorationLock speedFull tech treeHidden civsTurbo modeCheats
Victory
Defeat
🇨🇳 Wei · China
991
+14
🇨🇳 Persians · China
943
+16
🇨🇳 Poles · China
857
+20
🇦🇷 Cumans · Argentina
983
-18
🇦🇹 Saracens · Austria
939
-16
🇨🇱 Turks · Chile
920
-16
Hindues
1:58 Loom
9:38 Feudal Age
17:14 Gold Mining
20:41 Castle Age
ska_18
juan.uquia
强强不怕困难
0:30 Loom
11:15 Feudal Age
13:21 Double-Bit Axe
18:46 Castle Age
19:18 Wheelbarrow
21:41 Horse Collar
25:07 Hand Cart
24:38 Town Watch
31:00 Imperial Age
30:41 Heavy Plow
30:54 Bow Saw
30:48 Stone Mining
30:51 Gold Mining
31:19 Scale Barding Armor
31:48 Town Patrol
32:30 Lechitic Legacy
32:34 Conscription
33:10 Stone Shaft Mining
34:17 Crop Rotation
十七嵗的單車
3:24 Loom
10:47 Feudal Age
11:34 Double-Bit Axe
12:04 Horse Collar
19:46 Castle Age
18:15 Bloodlines
18:10 Gold Mining
18:29 Fletching
19:15 Padded Archer Armor
20:32 Thumb Ring
20:46 Bodkin Arrow
24:45 Bow Saw
28:51 Stone Mining
29:11 Heavy Plow
35:26 Imperial Age
足下的土地
0:30 Loom
11:46 Feudal Age
12:10 Double-Bit Axe
17:21 Fletching
20:15 Padded Archer Armor
24:27 Castle Age
23:03 Gold Mining
22:57 Horse Collar
23:13 Stone Mining
24:18 Crossbowman
25:50 Thumb Ring
28:49 Stone Shaft Mining
28:44 Bow Saw
30:28 Wheelbarrow
30:44 Heavy Plow
32:28 Town Watch
36:38 Imperial Age
Connection lost

Rejoining the realm…

Still unreachable

The connection could not be restored.

Session expired

The server has moved on; the page needs a fresh start.